 Dungeon Crawl Stone Soup version 0.20-a0-792-g09bcfd3 (webtiles) character file.

665872 Alarkh the Eclecticist (level 27, -43/287 HPs)
             Began as a Demonspawn Monk on Feb 27, 2017.
             Was the Champion of Okawaru.
             Killed from afar by Ricuss the pandemonium lord (46 damage)
             ... with a great icy blast
             ... on level 1 of the Realm of Zot on Feb 28, 2017.
             The game lasted 03:50:05 (74484 turns).

Alarkh the Eclecticist (Demonspawn Monk)           Turns: 74484, Time: 03:50:06

Health: -43/287    AC: 32    Str: 18    XL:     27
Magic:  0/40       EV: 19    Int: 23    God:    Okawaru [******]
Gold:   1822       SH: 19    Dex: 17    Spells: 27/61 levels left

rFire    + . .     SeeInvis +   a - +9 double sword (elec)
rCold    + + .     Gourm    .   Y - +0 ice dragon scales of Catatonia {rElec rF- rC++ rCorr Dex-2 Slay+2}
rNeg     + + .     Faith    .   N - +5 shield {reflect}
rPois    .         Spirit   +   n - +2 helmet {SInv}
rElec    +         Reflect  +   G - +0 cloak {MR+}
rCorr    +         Harm     .   M - +0 pair of fencer's gloves {+Riposte Dex+3}
MR       ++++.                  (boots unavailable)
Stlth    +.........             r - amulet of Juddemy {+Rage rF++}
Regen    1.6/turn               X - ring "Ezxamm" {rN++ MR+ Str+7}
MPRegen  0.6/turn               S - ring of Robustness {AC+8}

@: exhausted, about to teleport, frozen, regenerating, drained, very slow
A: talons 3, rugged brown scales 3, blurry vision 1, clumsy 1, low mp 1,
mutation resistance 1, sense surroundings 1, powered by death 3, robust 3, magic
shield, magic regeneration, magic link
0: Orb of Zot
}: 3/15 runes: serpentine, barnacled, abyssal
a: Heroism, Finesse, Renounce Religion, Evoke Berserk Rage


You were on level 1 of the Realm of Zot.
You worshipped Okawaru.
Okawaru was exalted by your worship.
You were hungry.

You visited 13 branches of the dungeon, and saw 54 of its levels.
You visited the Abyss 2 times.
You visited 1 bazaar.
You also visited: Labyrinth, Trove, Sewer and Wizlab.

You collected 8707 gold pieces.
You spent 6885 gold pieces at shops.

Inventory:

Hand Weapons
 a - a +9 double sword of electrocution (weapon)
 b - a +5 demon blade of flaming
 w - a +5 double sword of draining
Armour
 k - the +2 buckler of Parts Unknown {Dex+7}
   (Okawaru gifted it to you in the Vestibule of Hell)

   It affects your dexterity (+7).
 n - a +2 helmet of see invisible (worn)
 u - +0 shadow dragon scales
 y - +0 gold dragon scales
 A - a scarf of repulsion
 G - a +0 cloak of magic resistance (worn)
 M - the +0 pair of fencer's gloves (worn) {+Riposte Dex+3}
   (You bought it in a shop on level 2 of the Elven Halls)

   It affects your dexterity (+3).
 N - a +5 shield of reflection (worn)
 Y - the +0 ice dragon scales of Catatonia (worn) {rElec rF- rC++ rCorr Dex-2 Slay+2}
   (You took it off a deep elf blademaster on level 3 of the Elven Halls)

   It affects your dexterity (-2).
   It affects your accuracy and damage with ranged weapons and melee attacks
   (+2).
   It makes you vulnerable to fire.
   It greatly protects you from cold.
   It insulates you from electricity.
   It protects you from acid and corrosion.
Jewellery
 d - an uncursed ring of flight
 q - an uncursed ring of protection from fire
 r - the amulet of Juddemy (around neck) {+Rage rF++}
   (You found it in a treasure trove)

   [amulet of rage]

   It greatly protects you from fire.
   It lets you go berserk.
 D - a +2 amulet of reflection
 S - the ring of Robustness (left hand) {AC+8}
   (You found it in a treasure trove)

   [ring of protection]

   It affects your AC (+8).
 T - a +2 amulet of reflection
 U - an uncursed ring of positive energy
 X - the ring "Ezxamm" (right hand) {rN++ MR+ Str+7}
   (You found it on level 6 of the Lair of Beasts)

   [ring of protection from magic]

   It affects your strength (+7).
   It greatly protects you from negative energy.
   It affects your resistance to hostile enchantments.
Wands
 g - a wand of digging (4/24)
 W - a wand of clouds (2/9)
Scrolls
 e - 4 scrolls of identify
 l - 4 scrolls of summoning
 o - 7 scrolls of teleportation
 t - 2 scrolls of enchant weapon
 v - 13 scrolls of recharging
 x - 4 scrolls of fear
 B - a scroll of amnesia
 I - 24 scrolls of remove curse
 J - 3 scrolls of silence
 Q - 3 scrolls of fog
Potions
 i - 10 potions of curing
 j - 4 potions of haste
 m - 8 potions of resistance
 p - 5 potions of berserk rage
 s - 6 potions of might
 z - 8 potions of heal wounds
 C - 4 potions of flight
 F - 3 potions of mutation
 H - a potion of magic
 K - a potion of agility
 L - a potion of brilliance
Books
 O - the Incunabulum of Displaced Companions
   (You acquired it on level 5 of the Realm of Zot)

   Spells                             Type                      Level
   a - Summon Guardian Golem          Hexes/Summoning              3
   b - Lesser Beckoning               Translocation                3
   c - Summon Lightning Spire         Summoning/Air                4
   d - Aura of Abjuration             Summoning                    5
   e - Malign Gateway                 Summoning/Translocation      7
   f - Summon Hydra                   Summoning                    7
   g - Dragon's Call                  Summoning                    9
 R - a book of Changes

   Spells                             Type                      Level
   a - Beastly Appendage              Transmutation                1
   b - Sticks to Snakes               Transmutation                2
   c - Spider Form                    Transmutation/Poison         3
   d - Ice Form                       Ice/Transmutation            4
   e - Blade Hands                    Transmutation                5
Miscellaneous
 f - a lightning rod (4/4)
Comestibles
 c - 28 bread rations
 h - 3 royal jellies
 P - 3 chunks of flesh
 V - 4 fruits


   Skills:
 - Level 16.1(15.6) Fighting
 - Level 16.0(15.5) Long Blades
 - Level 15.0(14.5) Armour
 - Level 15.0(14.5) Dodging
 - Level 9.3(8.9) Stealth
 - Level 15.0(14.5) Shields
 + Level 17.5(17.0) Spellcasting
 - Level 11.2(10.7) Charms
 - Level 10.0(9.6) Summonings
 + Level 16.2(15.8) Necromancy
 * Level 17.0(16.5) Transmutations
 - Level 11.6(11.1) Air Magic
 - Level 9.0(8.5) Invocations
 - Level 9.3(8.9) Evocations


You had 27 spell levels left.
You knew the following spells:

 Your Spells              Type           Power        Failure   Level  Hunger
a - Regeneration          Chrm/Necr      ######....   1%          3    None
b - Statue Form           Tmut/Erth      ######...    38%         6    ####...
c - Tornado               Air            ######....   100%        9    #######
d - Deflect Missiles      Chrm/Air       ######....   14%         6    ####...
e - Dispel Undead         Necr           #######.     1%          5    #......
r - Aura of Abjuration    Summ           ######....   6%          5    #......


Dungeon Overview and Level Annotations

Branches:
Dungeon (15/15)            Temple (1/1) D:6            Lair (6/6) D:10
 Shoals (4/4) Lair:4        Snake (4/4) Lair:4        Slime (0/5) Lair:5
    Orc (2/2) D:9             Elf (3/3) Orc:2        Vaults (4/5) D:13
  Crypt (3/3) Vaults:3       Tomb (1/3) Crypt:3      Depths (5/5) D:15
   Hell (1/1)                 Dis (0/7) Hell            Geh (0/7) Hell
    Coc (0/7) Hell            Tar (0/7) Hell            Zot (5/5) Depths:5

Altars:
Ashenzari
Cheibriados
Dithmenos
Elyvilon
Fedhas
Gozag
Hepliaklqana
Kikubaaqudgha
Makhleb
Nemelex Xobeh
Okawaru
Qazlal
Ru
Sif Muna
Trog
Uskayaw
Vehumet
Wu Jian
Xom
Yredelemnul
Zin
The Shining One
Beogh

Shops:
D:4 =   D:8 :   D:11 :   D:12 [[   Orc:2 ?**::(}[   Elf:2 [   Elf:3 !=
Shoals:2 *   Snake:1 *   Snake:4 }   Vaults:1 %%[[   Vaults:2 :   Vaults:4 ?
Depths:1 ==}   Depths:5 %!

Portals:
Hell: Depths:1 Depths:2 Depths:3 Depths:4 Depths:5
Abyss: Depths:4
Pandemonium: Depths:3 Depths:5
Ziggurat: Depths:5

Annotations:
Depths:5 exclusion: downstairs


Innate Abilities, Weirdness & Mutations

You have claws for feet.
You are completely covered in rugged brown scales. (AC +3, +7% HP)
You regenerate a lot of health from kills.
You are extremely robust. (+30% HP)
When hurt, damage is shared between your health and your magic reserves.
You regenerate magic rapidly.
When low on magic, you restore magic in place of health.
Scrolls take you a little longer to read.
You are clumsy. (Dex -2)
Your magical capacity is low. (-10% MP)
You are somewhat resistant to further mutation.
You passively map a small area around you.


Message History

Casting: Regeneration
Confirm with . or Enter, or press ? or * to list all spells.
Your skin crawls.
The chaos spawn gives a hideous shriek!
Ricuss gestures at you.
Ricuss conjures a mighty blast of ice!
The great icy blast engulfs you! You partially resist.
* * * LOW HITPOINT WARNING * * *
You are encased in ice.
You block Ricuss's attack.
The storm dragon breathes lightning at you.
The bolt of lightning hits you! You resist.
* * * LOW HITPOINT WARNING * * *
You hear a roar!
Unknown command.
The Hell Sentinel roars!
Ricuss gestures at you.
Ricuss conjures a mighty blast of ice!
The great icy blast engulfs you! You partially resist.
You die...

########## ##### ##### #...#....)
#...####...# #...#.....
########.....##.§§######...#.....
...............§§......(.........
#.########.....§§..########.....#
##.## ##..§§§...# ##.1.....
##.######(..3§#@..# ##...L....
##.#......2.#&§§### ##.....##..
#####......4D##§§§§&###.....####.
..§§.......43.D2§§§§§).....## #.
..§§§..........§§§§§4).1..## ##
..§§§§...2.....§§§§§§....##
####§§.........§§####.####
###§§§./....########.##
..§§§§8§............##


You could see Omuamn, Ricuss, a Hell Sentinel, a storm dragon, a hell beast and
a chaos spawn.

Vanquished Creatures
  3 ancient liches
  5 orbs of fire (Zot:5)
  The ghost of Vajrapani the Slayer, a legendary BaFi of Wu Jian (Zot:5)
  A juggernaut (Depths:5)
  A greater mummy (WizLab)
  Boris (Depths:3)
  Frederick (Depths:3)
  Bai Suzhen (Crypt:3)
  Saint Roka (Crypt:3)
  Geryon (Hell)
  6 Killer Klowns (Zot:5)
  A pandemonium lord (Zot:1)
  A caustic shrike (Depths:2)
  Jory (Vaults:2)
  14 golden dragons
  5 bone dragons
  2 electric golems
  12 tentacled monstrosities
  Asterion (Elf:1)
  25 Orb Guardians (Zot:5)
  5 liches
  6 quicksilver dragons
  5 titans
  2 deep elf blademasters (Elf:3)
  7 death cobs
  6 tentacled starspawn
  5 sphinxes
  A kraken (Shoals:4)
  2 ancient champions (Crypt:1)
  7 shadow dragons
  Donald (Shoals:3)
  4 draconian monks
  Kirke (Shoals:2)
  16 storm dragons
  Ilsuiw (Shoals:4)
  8 nagarajas
  2 revenants
  2 ghost moths
  3 draconian scorchers
  An iron dragon (Depths:3)
  8 deep elf sorcerers
  17 fire giants
  Aizul (Vaults:4)
  4 vault wardens
  5 draconian knights
  17 frost giants
  5 ghouls
  8 deep elf elementalists (Elf:3)
  10 ironheart preservers
  A juggernaut zombie (WizLab)
  6 draconian annihilators
  11 draconian shifters
  6 reapers
  The ghost of Yehuk the Nimble, a journeyman DEFE of Ashenzari (Elf:1)
  5 war gargoyles
  11 very ugly things
  2 cacodemons
  3 entropy weavers
  4 bennus (Tomb:1)
  3 spriggan defenders
  13 black draconians
  5 vampire knights
  18 stone giants
  7 green draconians
  6 deep elf demonologists
  7 deep elf annihilators
  8 yellow draconians
  6 purple draconians
  12 white draconians
  10 red draconians
  A blizzard demon (Depths:3)
  13 fire dragons
  An eidolon (Crypt:1)
  8 merfolk javelineers
  4 deep elf death magi
  4 mummy priests
  4 crystal guardians
  11 ettins
  A green death (Hell)
  13 great orbs of eyes
  A minotaur (Lab)
  10 yaktaur captains
  3 deep elf high priests (Elf:3)
  9 rakshasas
  10 merfolk impalers
  6 ice dragons
  16 jiangshi
  19 naga warriors
  A monstrous demonspawn (Depths:3)
  A hydra (Lair:3)
  10 vault guards
  5 spriggan air magi
  2 quicksilver dragon skeletons (Crypt:3)
  A hell beast (Depths:1)
  An alligator snapping turtle (Shoals:2)
  15 anacondas
  9 merfolk aquamancers
  A satyr (Shoals:2)
  6 merfolk avatars
  11 centaur warriors
  6 death knights
  41 two-headed ogres
  7 tengu warriors
  12 ogre magi
  6 vampire magi
  An alligator (shapeshifter) (Depths:2)
  14 deep troll shamans
  35 dancing weapons
  A hell hog (Hell)
  2 thrashing horrors (Abyss:5)
  7 deep troll earth magi
  10 shock serpents
  5 naga sharpshooters
  A titan zombie (Crypt:1)
  9 sun demons
  2 spriggan berserkers
  10 hell knights
  4 soul eaters
  21 deep elf knights
  A titan skeleton (Crypt:1)
  A storm dragon zombie (Crypt:3)
  4 salamander mystics
  39 skeletal warriors
  7 iron trolls
  A shadow wraith (Vaults:4)
  2 wretched stars (Abyss:5)
  15 slime creatures
  2 sixfirhies (Hell)
  3 unseen horrors
  A golden dragon zombie (Crypt:3)
  36 deep trolls
  4 flayed ghosts
  A spark wasp zombie (Crypt:1)
  5 glowing orange brains
  A swamp dragon (Zot:4)
  An orange crystal statue (Depths:1)
  7 ironbrand convokers
  4 anaconda zombies
  An unseen horror (shapeshifter) (Elf:1)
  7 wizards
  14 sea snakes
  10 naga ritualists
  9 orc knights
  11 necromancers
  3 phantasmal warriors
  The ghost of Alarkh the Slasher, a novice CeMo of Okawaru (D:6)
  2 golden dragon skeletons
  15 deep elf archers
  An iron dragon zombie (WizLab)
  An anaconda skeleton (Crypt:3)
  A harpy (shapeshifter) (Depths:4)
  2 orc sorcerers
  55 deep elf magi
  21 harpies
  23 salamanders
  4 wolf spiders
  A wolf spider zombie (Crypt:1)
  2 stone giant zombies
  A cyclops (shapeshifter) (Elf:1)
  A frost giant zombie (WizLab)
  43 ugly things
  5 mana vipers
  8 oklob plants
  24 moths of wrath
  5 cyclopes
  Maurice (D:8)
  10 fauns
  16 manticores
  A human zombie (WizLab)
  2 stone giant skeletons
  20 guardian serpents
  3 rust devils
  2 ice statues
  2 demonspawn zombies (WizLab)
  9 merfolk sirens
  A fire giant skeleton (Crypt:2)
  19 naga magi
  15 vault sentinels
  36 black mambas
  A guardian serpent (shapeshifter) (Vaults:2)
  2 molten gargoyles (Hell)
  7 gargoyles
  9 smoke demons
  3 centaur skeletons
  14 spiny frogs
  4 elephants (Lair:4)
  3 apocalypse crabs
  17 eyes of devastation
  3 large abominations
  A water nymph (Shoals:4)
  An orange demon (Hell)
  A hellion (Hell)
  A komodo dragon (shapeshifter) (Vaults:3)
  A yaktaur zombie (Depths:1)
  A rime drake (shapeshifter) (D:15)
  3 efreet (Zot:1)
  9 ice devils
  4 rime drakes
  4 komodo dragons
  A swamp worm zombie (Crypt:1)
  20 yaktaurs
  2 tengu conjurers (D:15)
  An ancient zyme (Abyss:3)
  3 hellwings
  6 guardian mummies
  9 freezing wraiths
  A purple draconian skeleton (Crypt:2)
  7 red devils
  A spriggan skeleton (Depths:1)
  3 anaconda simulacra (Hell)
  2 hydra zombies (Hell)
  26 merfolk
  10 trolls
  7 polar bears
  A meliai (shapeshifter) (Depths:4)
  A yaktaur skeleton (Depths:1)
  A queen bee (shapeshifter) (Vaults:2)
  3 meliai (D:14)
  A jumping spider (shapeshifter) (Abyss:5)
  2 trolls (shapeshifter)
  5 wind drakes
  Grinder (D:5)
  3 raiju (Abyss:5)
  13 blink frogs
  A fire dragon zombie (WizLab)
  2 wind drakes (shapeshifter) (Vaults:4)
  13 hornets
  An alligator zombie (Hell)
  7 hippogriffs
  2 ice dragon zombies
  10 snapping turtles
  An iron dragon simulacrum (Depths:1)
  A slime creature (shapeshifter) (Depths:5)
  Prince Ribbit (D:5)
  16 air elementals
  37 flying skulls
  A redback (shapeshifter) (D:15)
  An ettin zombie (Crypt:2)
  4 dream sheep
  3 redbacks
  An ettin skeleton (Abyss:3)
  A shadow (Crypt:1)
  28 starcursed masses
  2 vampires (D:12)
  A fire dragon skeleton (Crypt:3)
  Sigmund (D:4)
  2 tarantellas
  22 water elementals
  6 wyverns
  8 hogs
  8 wraiths
  17 spriggans
  A golden eye (shapeshifter) (Vaults:2)
  44 yaks
  An ushabti (Tomb:1)
  11 fire elementals
  A hog (shapeshifter) (Vaults:2)
  A black mamba skeleton (Crypt:1)
  2 fire bats (Depths:2)
  3 golden eyes
  4 hungry ghosts
  5 basilisks
  A steam dragon (D:14)
  2 chaos spawn (Abyss:3)
  A steam dragon (shapeshifter) (Elf:1)
  Menkaure (D:4)
  A yaktaur simulacrum (Vaults:1)
  4 wargs
  11 vampire mosquitoes
  A deep troll zombie (WizLab)
  A hydra simulacrum (Crypt:2)
  49 nagas
  An insubstantial wisp (Depths:3)
  A merfolk zombie (Crypt:1)
  16 water moccasins
  6 acid dragons
  3 hell hounds
  A soldier ant (shapeshifter) (D:10)
  2 soldier ants
  Duvessa (D:5)
  5 porcupines
  11 ice beasts
  Purgy (Sewer)
  2 sky beasts
  5 black bears
  A swamp drake (Orc:1)
  31 orc warriors
  5 phantoms
  2 eyes of draining
  11 necrophages
  A tengu (shapeshifter) (D:15)
  13 boggarts
  28 wolves
  58 ogres
  25 centaurs
  3 manticore skeletons
  11 crocodiles
  7 small abominations
  A dream sheep skeleton (Crypt:1)
  Blork the orc (D:6)
  A big kobold (D:10)
  24 bullfrogs
  6 earth elementals
  2 wyvern zombies (D:11)
  A draconian skeleton (Crypt:2)
  A wyvern skeleton (D:12)
  Dowan (D:5)
  4 scorpions
  A human simulacrum (Vaults:2)
  An orc simulacrum (Vaults:2)
  An elf simulacrum (Vaults:3)
  11 killer bees
  2 howler monkeys (D:8)
  11 wights
  A raiju skeleton (Crypt:1)
  An electric eel (Lair:4)
  A vampire bat (Depths:3)
  A wolf zombie (Crypt:1)
  4 lava snakes (Lab)
  14 crimson imps
  A bullfrog zombie (D:10)
  3 jellies
  2 quasits (Abyss:3)
  16 orc priests
  24 orc wizards
  9 hounds
  3 centaur zombies
  4 gnoll shamans (D:13)
  3 iron imps
  3 iguanas
  Terence (D:2)
  12 hell rats (Lair:3)
  16 worker ants
  A demigod zombie (Crypt:1)
  A big kobold skeleton (Crypt:2)
  2 hound skeletons
  6 mummies (Tomb:1)
  A howler monkey skeleton (D:5)
  3 worker ant zombies
  15 gnolls
  An adder (shapeshifter) (Vaults:2)
  20 adders
  10 river rats (Lair:3)
  6 shadow imps
  8 white imps
  3 ufetubi
  2 oozes
  2 adder skeletons
  An adder zombie (Crypt:2)
  4 worms
  3 dart slugs
  6 leopard geckos
  82 orcs
  12 giant cockroaches
  10 hobgoblins
  8 jackals
  12 quokkas
  4 ball pythons
  2 bats
  6 frilled lizards
  5 goblins
  A hobgoblin skeleton (Crypt:1)
  A jackal skeleton (D:4)
  15 kobolds
  A kobold skeleton (Crypt:1)
  An orc skeleton (Crypt:1)
  A quokka skeleton (D:6)
  17 rats
  43 plants
  9 starspawn tentacles
  2 tentacles (Shoals:4)
2651 creatures vanquished.

Vanquished Creatures (collateral kills)
  A hydra (D:13)
1 creature vanquished.

Vanquished Creatures (others)
  A golden dragon (Depths:4)
  2 sphinxes (Tomb:1)
  A draconian annihilator (Depths:5)
  2 stone giants
  A white draconian (Zot:2)
  3 merfolk javelineers (Shoals:4)
  An ettin (Depths:1)
  A yaktaur captain (Depths:3)
  A hell beast (Zot:1)
  A centaur warrior (Depths:1)
  An ogre mage (Depths:3)
  3 naga sharpshooters (Snake:4)
  An unseen horror (Depths:1)
  2 deep elf archers (Elf:3)
  2 deep elf magi
  A rust devil (Zot:1)
  A merfolk siren (Shoals:4)
  2 black mambas
  A naga mage (Snake:3)
  A hellion (Zot:1)
  2 yaktaurs
  A hellwing (Zot:1)
  A wolf spider simulacrum (Abyss:5)
  A water elemental (Elf:3)
  A ynoxinul (Zot:1)
  A naga (Snake:4)
  A porcupine (Depths:3)
  An ogre (Zot:1)
  2 centaurs
  An orc wizard (Orc:1)
  A mummy (Tomb:1)
  A white imp (Depths:3)
  An orc (D:13)
  4 blocks of ice (Zot:1)
  9 fungi
  20 plants
  9 starspawn tentacles
  10 tentacles (Shoals:4)
96 creatures vanquished.

Grand Total: 2748 creatures vanquished

Notes
Turn   | Place    | Note
-------+----------+-------------------------------------------
     0 | D:1      | Alarkh the Demonspawn Monk began the quest for the Orb.
     0 | D:1      | Reached XP level 1. HP: 18/18 MP: 1/1
    40 | D:1      | Gained mutation: You are partially covered in rugged brown scales. (AC +1, +3% HP) [demonic ancestry]
    40 | D:1      | Reached XP level 2. HP: 5/24 MP: 2/2
  1066 | D:2      | Gained mutation: You regenerate a little health from kills. [demonic ancestry]
  1066 | D:2      | Reached XP level 3. HP: 19/29 MP: 3/3
  2306 | D:3      | Noticed Terence
  2333 | D:4      | Reached XP level 4. HP: 21/36 MP: 4/4
  2554 | D:4      | Reached XP level 5. HP: 23/43 MP: 5/5
  2567 | D:4      | Found a snail-covered altar of Cheibriados.
  2849 | D:2      | Killed Terence
  3608 | D:4      | Noticed Menkaure
  3769 | D:4      | Noticed an ogre
  4217 | D:4      | Killed Menkaure
  4217 | D:4      | Reached skill level 5 in Long Blades
  4217 | D:4      | Reached skill level 1 in Armour
  4217 | D:4      | Reached XP level 6. HP: 12/49 MP: 6/6
  5386 | D:4      | Reached XP level 7. HP: 50/56 MP: 7/7
  5416 | D:4      | Noticed Sigmund
  5469 | D:4      | Killed Sigmund
  6096 | D:4      | Found Jutsinte's Jewellery Boutique.
  6104 | D:4      | Bought a cursed ring of teleportation for 58 gold pieces
  6250 | D:5      | Entered Level 5 of the Dungeon
  6472 | D:5      | Reached skill level 5 in Fighting
  6478 | D:5      | Noticed Dowan
  6479 | D:5      | Noticed Duvessa
  6521 | D:5      | Killed Dowan
  6662 | D:5      | Noticed Grinder
  6901 | D:5      | Gained mutation: You have sharp toenails. [demonic ancestry]
  6901 | D:5      | Reached XP level 8. HP: 25/62 MP: 8/8
  7345 | D:5      | Killed Duvessa
  7345 | D:5      | Reached skill level 5 in Dodging
  8070 | D:5      | Killed Grinder
  8310 | D:6      | Noticed Alarkh's ghost (novice CeMo)
  8312 | D:6      | Noticed Prince Ribbit
  8392 | D:6      | Found a staircase to the Ecumenical Temple.
  8397 | D:6      | Noticed Blork the orc
  8399 | Temple   | Entered the Ecumenical Temple
  8544 | D:6      | Found a glowing drain.
  8552 | Sewer    | Entered a sewer
  8825 | Sewer    | Noticed Purgy
  8851 | Sewer    | Killed Purgy
  9921 | D:5      | Killed Prince Ribbit
  9962 | D:6      | Found a glowing golden altar of the Shining One.
  9973 | D:6      | Gained mutation: When hurt, damage is shared between your health and your magic reserves. [demonic ancestry]
  9973 | D:6      | Reached XP level 9. HP: 54/70 MP: 9/9
 10072 | D:6      | Killed Alarkh's ghost
 10220 | D:6      | Killed Blork the orc
 10791 | D:7      | Reached skill level 5 in Armour
 11469 | D:8      | Killed an unseen horror
 11469 | D:8      | Gained mutation: You are mostly covered in rugged brown scales. (AC +2, +5% HP) [demonic ancestry]
 11469 | D:8      | Reached XP level 10. HP: 15/82 MP: 4/10
 11677 | D:8      | Found Noteg's Book Shop.
 11726 | D:8      | Noticed a two-headed ogre
 11962 | D:8      | Killed a two-headed ogre
 12037 | D:8      | Noticed Maurice
 12050 | D:8      | Killed Maurice
 12459 | D:9      | Noticed a two-headed ogre
 12479 | D:9      | Killed a two-headed ogre
 12479 | D:9      | Reached skill level 10 in Long Blades
 12521 | D:9      | Found a staircase to the Orcish Mines.
 12865 | D:9      | Found an iron altar of Okawaru.
 12868 | D:9      | Found a glowing silver altar of Zin.
 12878 | D:9      | Became a worshipper of Warmaster Okawaru
 12878 | D:9      | Reached * piety under Okawaru
 12878 | D:9      | Reached ** piety under Okawaru
 12888 | D:9      | Found a deep blue altar of Sif Muna.
 13114 | D:9      | Reached XP level 11. HP: 88/91 MP: 11/11
 13168 | D:10     | Entered Level 10 of the Dungeon
 13182 | D:10     | Noticed a centaur warrior
 13197 | D:10     | Killed a centaur warrior
 13471 | D:10     | Found a staircase to the Lair.
 13656 | D:10     | Reached *** piety under Okawaru
 14052 | D:11     | Noticed a green ugly thing
 14068 | D:11     | Killed a green ugly thing
 14113 | D:11     | Found Zipnuad's Book Boutique.
 14215 | D:11     | Reached **** piety under Okawaru
 14549 | D:10     | You fall through a shaft!
 14613 | Lair:1   | Entered Level 1 of the Lair of Beasts
 15150 | Lair:2   | Noticed an oklob plant
 15781 | Lair:1   | Reached ***** piety under Okawaru
 15964 | Lair:3   | Reached skill level 1 in Shields
 15964 | Lair:3   | Reached XP level 12. HP: 93/100 MP: 12/12
 16448 | Lair:3   | Noticed a four-headed hydra
 16664 | Lair:3   | Received a gift from Okawaru
 16985 | Lair:4   | Found a staircase to the Shoals.
 17139 | Lair:4   | Found a staircase to the Snake Pit.
 17157 | Lair:4   | Reached skill level 10 in Fighting
 17646 | Lair:4   | Received a gift from Okawaru
 18233 | Lair:5   | Found a staircase to the Slime Pits.
 18411 | Lair:5   | Got a pair of twisted boots
 18423 | Lair:5   | Identified the +2 pair of boots "Oled" {rCorr} (You found it on level 5 of the Lair of Beasts)
 18937 | Lair:6   | Entered Level 6 of the Lair of Beasts
 18938 | Lair:6   | Gained mutation: You are completely covered in rugged brown scales. (AC +3, +7% HP) [demonic ancestry]
 18938 | Lair:6   | Reached XP level 13. HP: 102/111 MP: 13/13
 19223 | Lair:6   | Found a white marble altar of Elyvilon.
 19294 | Lair:6   | Reached skill level 10 in Dodging
 19628 | Lair:6   | Reached ****** piety under Okawaru
 19683 | Lair:6   | Paralysed by a hornet for 2 turns
 19691 | Lair:6   | Received a gift from Okawaru
 19692 | Lair:6   | Got a transparent great sword {god gift}
 19771 | Lair:6   | Reached skill level 5 in Shields
 19920 | Lair:6   | Got a crude zirconium amulet
 20414 | Lair:6   | Got a transparent platinum ring
 20437 | Lair:6   | Identified the amulet "Rupail Fowa" {+Rage MR+ Dex+4} (You found it on level 6 of the Lair of Beasts)
 20440 | Lair:6   | Identified the ring "Ezxamm" {rN++ MR+ Str+7} (You found it on level 6 of the Lair of Beasts)
 20528 | Lair:2   | Identified the +9 great sword of the Undead {freeze, rPois Str+3} (Okawaru gifted it to you on level 6 of the Lair of Beasts)
 20953 | Lair:2   | Reached skill level 1 in Evocations
 21150 | Lair:5   | Reached skill level 1 in Invocations
 21289 | Orc:1    | Entered Level 1 of the Orcish Mines
 21293 | Orc:2    | Entered Level 2 of the Orcish Mines
 21293 | Orc:2    | Found a labyrinth entrance.
 21293 | Orc:2    | Found a staircase to the Elven Halls.
 21302 | Lab      | Entered a labyrinth
 21403 | Lab      | Received a gift from Okawaru
 21593 | Lab      | Noticed a minotaur
 21607 | Lab      | Killed a minotaur
 21607 | Lab      | Gained mutation: You regenerate health from kills. [demonic ancestry]
 21607 | Lab      | Reached XP level 14. HP: 57/120 MP: 5/15
 21616 | Lab      | Identified the Papyrus of Creative Cold
 21816 | Orc:2    | Found Leemish's Magic Scroll Boutique.
 21869 | Orc:2    | Found Ufa Popp's Assorted Antiques.
 21869 | Orc:2    | Found Numil's Book Shoppe.
 21870 | Orc:2    | Found Ufomuc's Book Shoppe.
 21870 | Orc:2    | Found Exzov's Antique Weapon Boutique.
 22088 | Orc:2    | Found a roughly hewn altar of Beogh.
 22101 | Orc:2    | Found Xyajat's General Store.
 22116 | Orc:2    | Bought a +1 hat of magic resistance for 240 gold pieces
 22134 | Orc:2    | Found Hacir's Gadget Shoppe.
 22177 | Orc:2    | Found Neliqo's Antique Armour Boutique.
 22212 | Orc:2    | Bought a polished ring mail for 288 gold pieces
 22212 | Orc:2    | Bought a glowing cloak for 240 gold pieces
 22245 | Orc:2    | Identified the +5 ring mail of the Devil's Advocate {rN+ MR+} (You bought it in a shop on level 2 of the Orcish Mines)
 22506 | Orc:1    | Received a gift from Okawaru
 22792 | Orc:1    | Got a heavily runed hat
 22987 | Lair:2   | Identified the +0 hat "Foupio Viworr" {MR+} (You found it on level 1 of the Orcish Mines)
 23171 | D:12     | Found a hazy altar of Hepliaklqana.
 23255 | D:12     | Found Guad's Armour Shoppe.
 23277 | D:12     | Found Tiecull's Armour Shoppe.
 23848 | D:13     | Found a gate to the Vaults.
 23879 | D:13     | Reached skill level 10 in Armour
 23979 | D:13     | Received a gift from Okawaru
 24166 | D:13     | Got a slimy lajatang
 24363 | D:13     | Gained mutation: You are robust. (+10% HP) [demonic ancestry]
 24363 | D:13     | Reached XP level 15. HP: 120/139 MP: 16/18
 25037 | D:14     | Reached skill level 5 in Invocations
 25284 | D:14     | Found a white marble altar of Elyvilon.
 25648 | D:14     | Reached skill level 5 in Stealth
 25980 | D:15     | Entered Level 15 of the Dungeon
 26751 | D:15     | Reached skill level 5 in Evocations
 26808 | D:15     | Reached skill level 15 in Long Blades
 26901 | D:15     | Found a staircase to the Depths.
 27286 | D:13     | Received a gift from Okawaru
 27543 | Orc:2    | Bought a scroll of recharging for 161 gold pieces
 27543 | Orc:2    | Bought a scroll of enchant armour for 127 gold pieces
 27543 | Orc:2    | Bought a scroll of teleportation for 51 gold pieces
 27543 | Orc:2    | Bought a scroll of blinking for 127 gold pieces
 27543 | Orc:2    | Bought a scroll of enchant weapon for 127 gold pieces
 27543 | Orc:2    | Bought a scroll of recharging for 161 gold pieces
 27543 | Orc:2    | Bought a scroll of identify for 34 gold pieces
 27580 | Orc:2    | Bought a fine scale mail for 243 gold pieces
 27590 | Orc:2    | Identified the +0 scale mail "Dishotoq" {rPois Str+2 Int+3 Dex+3} (You bought it in a shop on level 2 of the Orcish Mines)
 27840 | Lair:2   | Learned a level 3 spell: Regeneration
 27883 | Shoals:1 | Entered Level 1 of the Shoals
 28317 | Shoals:1 | Received a gift from Okawaru
 28914 | Shoals:2 | Gained mutation: You have razor-sharp toenails. [demonic ancestry]
 28914 | Shoals:2 | Reached XP level 16. HP: 147/148 MP: 21/21
 29011 | Shoals:2 | Found Kicy's General Store.
 29040 | Shoals:2 | Bought a scroll of brand weapon for 340 gold pieces
 29047 | Shoals:2 | Noticed Kirke
 29074 | Shoals:2 | Killed Kirke
 30074 | Shoals:3 | Noticed Donald
 30099 | Shoals:3 | Killed Donald
 30306 | Shoals:3 | Identified a +0 pair of boots of running (Okawaru gifted it to you on level 1 of the Shoals)
 30647 | Shoals:4 | Entered Level 4 of the Shoals
 30989 | Shoals:4 | Received a gift from Okawaru
 30992 | Shoals:4 | Got a smoking demon blade {god gift}
 30993 | Shoals:4 | Identified the +1 demon blade of Doom {elec, rC+ Dex+2} (Okawaru gifted it to you on level 4 of the Shoals)
 31416 | Shoals:4 | Noticed Ilsuiw
 31502 | Shoals:4 | Identified the Incunabulum of Supportive Necromancy
 31660 | Shoals:4 | Killed Ilsuiw
 32086 | Shoals:4 | Reached XP level 17. HP: 79/157 MP: 12/23
 32144 | Shoals:4 | Received a gift from Okawaru
 32146 | Shoals:4 | Got a shimmering rapier {god gift}
 32177 | Shoals:4 | Got a barnacled rune of Zot
 32276 | Shoals:4 | Noticed a kraken
 32315 | Shoals:4 | Killed a kraken
 33203 | Shoals:3 | Identified the +2 rapier of Mana {drain, Str+3} (Okawaru gifted it to you on level 4 of the Shoals)
 33495 | Shoals:4 | Identified Sosutor's Grimoire of Feathery Fire
 33892 | Snake:1  | Entered Level 1 of the Snake Pit
 34056 | D:12     | Bought the +1 ring mail of Lucidity {-Cast *Drain rElec Str+10} for 439 gold pieces
 34216 | Snake:1  | Received a gift from Okawaru
 34223 | Snake:1  | Found Osune's Assorted Antiques.
 34229 | Snake:1  | Bought a scroll labeled HAC QETICIE for 30 gold pieces
 34229 | Snake:1  | Bought a gold wand for 120 gold pieces
 34230 | Snake:1  | Got a flickering lead ring
 34232 | Snake:1  | Identified the ring of Quecivut {Int+4 SInv} (You acquired it on level 1 of the Snake Pit)
 35849 | Snake:3  | Reached skill level 10 in Shields
 35942 | Snake:3  | Received a gift from Okawaru
 36164 | Snake:3  | Got a warped ring mail
 36165 | Snake:3  | Identified the cursed +0 ring mail "Oqijikhe" {rN+} (You found it on level 3 of the Snake Pit)
 36865 | Snake:4  | Entered Level 4 of the Snake Pit
 36910 | Snake:4  | Gained mutation: You have claws for feet. [demonic ancestry]
 36910 | Snake:4  | Reached XP level 18. HP: 162/168 MP: 21/24
 36979 | Snake:4  | Found Kezxiwes's Gadget Shoppe.
 37555 | Snake:4  | Received a gift from Okawaru
 39652 | Snake:4  | Received a gift from Okawaru
 40381 | Snake:4  | Got a serpentine rune of Zot
 40674 | Vaults:1 | Entered Level 1 of the Vaults
 40674 | Vaults:1 | Found Xuank's Food Boutique.
 40773 | Vaults:1 | Found Ujappy's Food Emporium.
 40787 | Vaults:1 | Found Koeblaol's Antique Armour Boutique.
 40801 | Vaults:1 | Bought a pair of transparent gloves for 285 gold pieces
 40811 | Vaults:1 | Identified the +3 pair of gloves of Eshycy {rPois MR- Regen+ Slay+2} (You bought it in a shop on level 1 of the Vaults)
 40821 | Vaults:1 | Bought an embroidered cloak for 225 gold pieces
 40896 | Vaults:1 | Found Fiseyggi's Armour Shoppe.
 41170 | Vaults:1 | Gained mutation: You are very robust. (+20% HP) [demonic ancestry]
 41170 | Vaults:1 | Reached XP level 19. HP: 134/193 MP: 19/25
 41233 | Vaults:1 | Received a gift from Okawaru
 42419 | Vaults:2 | Noticed Jory
 42438 | Vaults:2 | Killed Jory
 42445 | Vaults:2 | Found Pirphaa's Book Boutique.
 43260 | Vaults:3 | Cast into level 3 of the Abyss (ettin)
 43290 | Abyss:3  | Received a gift from Okawaru
 43291 | Abyss:3  | Got a slimy scimitar {god gift}
 43292 | Abyss:3  | Identified the +5 scimitar of the Reaper {slice, rPois MR+ Str-4 Dex+4} (Okawaru gifted it to you on level 3 of the Abyss)
 43616 | Abyss:3  | Paralysed by you for 2 turns
 43640 | Abyss:3  | HP: 4/195 [nagaraja/poison arrow (11)]
 43650 | Vaults:3 | Escaped the Abyss
 43650 | Vaults:3 | HP: 9/195 [sphinx/divine providence (8)]
 43652 | Vaults:3 | HP: 2/195 [magical explosion (7)]
 43652 | Vaults:3 | Gained mutation: Potions are less effective at restoring your health. [mutagenic glow]
 43709 | Vaults:3 | Gained mutation: You are weak. (Str -2) [mutagenic glow]
 43884 | Vaults:3 | Reached skill level 15 in Fighting
 44033 | Vaults:3 | Received a gift from Okawaru
 44043 | Vaults:3 | Got a crystal scimitar {god gift}
 44044 | Vaults:3 | Identified the +5 scimitar "Epaid" {slice, -Tele rElec rN+++} (Okawaru gifted it to you on level 3 of the Vaults)
 44270 | Vaults:3 | Reached XP level 20. HP: 205/205 MP: 26/26
 44630 | Vaults:3 | Identified Suxih's Reference Book on Excruciating Envenoming
 45105 | Vaults:3 | Found a staircase to the Crypt.
 45105 | Vaults:3 | Found an ancient bone altar of Kikubaaqudgha.
 45106 | Vaults:3 | Found a basalt altar of Yredelemnul.
 45763 | Vaults:4 | Received a gift from Okawaru
 46453 | Vaults:4 | Found Koenk's Magic Scroll Boutique.
 46454 | Vaults:4 | Noticed Aizul
 46466 | Vaults:4 | Killed Aizul
 46470 | Vaults:4 | Bought a scroll of enchant weapon for 120 gold pieces
 46470 | Vaults:4 | Bought a scroll of enchant armour for 120 gold pieces
 46470 | Vaults:4 | Bought a scroll of enchant armour for 120 gold pieces
 46470 | Vaults:4 | Bought a scroll of identify for 32 gold pieces
 46470 | Vaults:4 | Bought a scroll of teleportation for 48 gold pieces
 46470 | Vaults:4 | Bought a scroll of brand weapon for 320 gold pieces
 46992 | Elf:1    | Entered Level 1 of the Elven Halls
 47006 | Elf:1    | Noticed Asterion
 47022 | Elf:1    | Killed Asterion
 47105 | Elf:1    | Noticed Yehuk's ghost (journeyman DEFE)
 47126 | Elf:1    | Killed Yehuk's ghost
 47672 | Elf:1    | Reached skill level 15 in Shields
 48114 | Elf:2    | Found Xatac's Antique Armour Shoppe.
 48201 | Elf:2    | Reached skill level 1 in Spellcasting
 48206 | Elf:2    | Found a huge runed gate.
 48206 | Elf:2    | Found a huge runed gate.
 48208 | Elf:2    | Found a huge runed gate.
 48209 | Elf:2    | Found a huge runed gate.
 48210 | Elf:2    | Found a huge runed gate.
 48251 | Elf:2    | Received a gift from Okawaru
 48252 | Elf:2    | Got a scorched demon blade {god gift}
 48253 | Elf:2    | Identified the +8 demon blade of Rucuvew {pain, *Rage Str+5} (Okawaru gifted it to you on level 2 of the Elven Halls)
 48372 | Elf:2    | Reached skill level 1 in Charms
 48372 | Elf:2    | Reached skill level 1 in Necromancy
 48464 | Elf:2    | Gained mutation: You regenerate magic rapidly. [demonic ancestry]
 48464 | Elf:2    | Reached XP level 21. HP: 203/215 MP: 22/27
 48775 | Elf:3    | Entered Level 3 of the Elven Halls
 48794 | Elf:3    | Found Zobbuxoa's Jewellery Shoppe.
 49061 | Elf:3    | Found Ycvoriqim's Distillery.
 49367 | Elf:3    | Found a portal to a secret trove of treasure.
 49549 | Elf:3    | Received a gift from Okawaru
 49756 | Elf:3    | Got a translucent jade ring
 49784 | Elf:3    | Reached skill level 15 in Dodging
 49810 | Elf:3    | Lost mutation: You are weak. (Str -2) [a cacodemon]
 49812 | Elf:3    | Gained mutation: You tend to lose your temper in combat. [a cacodemon]
 49812 | Elf:3    | Gained mutation: You are weak. (Str -2) [a cacodemon]
 49897 | Elf:3    | Got a glittering copper ring
 49899 | Elf:3    | Identified the ring "Baerat" {*Tele *Drain rF+ Str+4 Dex+3} (You took it off a deep elf annihilator on level 3 of the Elven Halls)
 49900 | Elf:3    | Identified the ring of Ungoilur {Fire *Corrode *Slow rN+++ Int+3} (You took it off a deep elf annihilator on level 3 of the Elven Halls)
 49920 | Elf:3    | Got ichor-stained ice dragon scales
 49928 | Elf:3    | Identified the +0 ice dragon scales of Catatonia {rElec rF- rC++ rCorr Dex-2 Slay+2} (You took it off a deep elf blademaster on level 3 of the Elven Halls)
 50050 | Elf:3    | Identified Saled's Papyrus of the Glacial Mountains
 50124 | Elf:3    | Received a gift from Okawaru
 50128 | Elf:3    | Reached skill level 5 in Necromancy
 50488 | Lair:2   | Learned a level 5 spell: Dispel Undead
 50726 | Elf:3    | Identified the Almanac of Boosting Toxins
 50737 | Elf:3    | Identified the Reference Book on Execration and Toxins
 50892 | Elf:3    | Got a jewelled scimitar {flame}
 50893 | Elf:3    | Identified the cursed +0 scimitar "Nes Ipt" {flame, Str+5} (You took it off a deep elf sorcerer on level 3 of the Elven Halls)
 51288 | Orc:2    | Bought a scroll of teleportation for 45 gold pieces
 51452 | Depths:1 | Entered Level 1 of the Depths
 51662 | Depths:1 | Gained mutation: You are clumsy. (Dex -2) [mutagenic meat]
 51728 | D:15     | Lost mutation: You tend to lose your temper in combat. [potion of mutation]
 51728 | D:15     | Lost mutation: Potions are less effective at restoring your health. [potion of mutation]
 51728 | D:15     | Lost mutation: You are clumsy. (Dex -2) [potion of mutation]
 51728 | D:15     | Lost mutation: You are weak. (Str -2) [potion of mutation]
 51728 | D:15     | Gained mutation: You passively map a small area around you. [potion of mutation]
 51728 | D:15     | Gained mutation: You are somewhat resistant to further mutation. [potion of mutation]
 51790 | D:15     | Reached skill level 5 in Charms
 51818 | Depths:1 | Reached skill level 5 in Spellcasting
 51874 | Depths:1 | Found a gateway to Hell.
 51949 | Depths:1 | Found Qokyom's Gadget Boutique.
 51949 | Depths:1 | Found Segamm's Jewellery Emporium.
 51950 | Depths:1 | Found Acoqippa's Jewellery Emporium.
 52065 | Depths:1 | Reached skill level 15 in Armour
 52077 | Depths:1 | Received a gift from Okawaru
 52569 | Depths:1 | Gained mutation: You regenerate a lot of health from kills. [demonic ancestry]
 52569 | Depths:1 | Reached XP level 22. HP: 226/226 MP: 28/31
 52767 | Depths:2 | Received a gift from Okawaru
 52768 | Depths:2 | Got a twisted demon blade {god gift}
 52769 | Depths:2 | Identified the +7 demon blade of Oseizuc {vamp, Fragile rPois Str+4 Int+9} (Okawaru gifted it to you on level 2 of the Depths)
 52812 | Depths:2 | You fall through a shaft!
 52882 | Depths:2 | Found a magical portal.
 52895 | WizLab   | Entered Doroklohe's Tomb
 53140 | WizLab   | Noticed a greater mummy
 53340 | WizLab   | Killed a greater mummy
 53416 | WizLab   | Got a shimmering lead amulet
 53417 | WizLab   | Identified the amulet "Bevo Kebb" {rPois rF- Regen+ Dex+2} (You found it in a wizard's laboratory)
 54215 | Depths:2 | Noticed a caustic shrike
 54232 | Depths:2 | Killed a caustic shrike
 54280 | Depths:2 | Received a gift from Okawaru
 54297 | Depths:2 | Reached skill level 10 in Necromancy
 54358 | Depths:2 | Identified the Almanac of Conjuration
 54655 | Elf:2    | Bought the +0 pair of fencer's gloves {+Riposte Dex+3} for 1280 gold pieces
 55104 | Elf:3    | You paid a toll of 15 scrolls of teleportation to enter a treasure trove
 55105 | Trove    | Entered a treasure trove
 55112 | Trove    | Got a warped tin amulet
 55115 | Trove    | Got a scorched copper amulet
 55117 | Trove    | Got a translucent granite ring
 55120 | Trove    | Got a coiled glass ring
 55122 | Trove    | Got a warped pewter ring
 55124 | Trove    | Got a crude tin ring
 55127 | Trove    | Got a steaming golden ring
 55129 | Trove    | Got a fine emerald amulet
 55131 | Trove    | Got a coiled copper ring
 55133 | Trove    | Got a scintillating steel amulet
 55160 | Elf:3    | Identified the amulet "Ishris" {Gourm *Corrode +Blink rElec} (You found it in a treasure trove)
 55161 | Elf:3    | Identified the amulet of Juddemy {+Rage rF++} (You found it in a treasure trove)
 55162 | Elf:3    | Identified the amulet "Iruhofea" {+Rage Int+3} (You found it in a treasure trove)
 55396 | Lair:2   | Identified the amulet of Xom's Amusement {Reflect rN+ SH+2 Stlth+} (You found it in a treasure trove)
 55397 | Lair:2   | Identified the ring "Dusmowew" {Int+4 Stlth-} (You found it in a treasure trove)
 55398 | Lair:2   | Identified the ring "Varghiso" {Ice rElec rN+ Int+3 Stlth+} (You found it in a treasure trove)
 55399 | Lair:2   | Identified the ring of the Crown {Ice rElec rPois} (You found it in a treasure trove)
 55400 | Lair:2   | Identified the ring "Irur" {rElec rN+} (You found it in a treasure trove)
 55401 | Lair:2   | Identified the ring "Qaehi" {+Inv MR+ EV+5} (You found it in a treasure trove)
 55402 | Lair:2   | Identified the ring "Qexygemp" {*Tele rC+ Int+6 Dex+6} (You found it in a treasure trove)
 55843 | Depths:3 | Noticed Boris
 55868 | Depths:3 | Killed Boris
 55996 | Depths:3 | Received a gift from Okawaru
 55997 | Depths:3 | Got a pair of ancient gloves {god gift}
 55998 | Depths:3 | Identified the +1 pair of gloves "Zumy" {rC+ Str+3 Slay+2} (Okawaru gifted it to you on level 3 of the Depths)
 56048 | Depths:3 | Reached skill level 10 in Spellcasting
 56347 | Depths:3 | Identified the Catalogue of Transmigration
 56442 | Depths:3 | Noticed Frederick
 56455 | Depths:3 | Killed Frederick
 57061 | Depths:3 | Gained mutation: You are extremely robust. (+30% HP) [demonic ancestry]
 57061 | Depths:3 | Reached XP level 23. HP: 226/252 MP: 37/37
 57081 | Depths:3 | Found a one-way gate leading to the halls of Pandemonium.
 57366 | D:12     | Learned a level 6 spell: Deflect Missiles
 57458 | Lair:2   | Learned a level 9 spell: Tornado
 58147 | Depths:4 | Found a one-way gate to the infinite horrors of the Abyss.
 58241 | Depths:3 | Reached skill level 1 in Air Magic
 58472 | Depths:3 | Received a gift from Okawaru
 60031 | Depths:2 | Received a gift from Okawaru
 60031 | Depths:2 | Reached skill level 5 in Air Magic
 60034 | Depths:2 | Got a transparent demon blade {god gift}
 60036 | Depths:2 | Identified the +2 demon blade of Poereytho {slice, rElec Int+3} (Okawaru gifted it to you on level 2 of the Depths)
 60232 | Depths:5 | Entered Level 5 of the Depths
 60254 | Depths:5 | Found Ynnus's Food Boutique.
 60261 | Depths:5 | Noticed a juggernaut
 60322 | Depths:5 | Killed a juggernaut
 60419 | Depths:5 | Found Pinewud's Distillery.
 60433 | Depths:5 | Found a gateway to a ziggurat.
 60656 | Depths:5 | Found a flickering gateway to a bazaar.
 60667 | Bazaar   | Entered a bazaar
 60667 | Bazaar   | Found Kiryrah's Antique Armour Shop.
 60679 | Bazaar   | Found Okhlocue's Distillery.
 60706 | Bazaar   | Found Gitaept's Antique Weapon Shop.
 60734 | Bazaar   | Bought 2 potions of heal wounds for 140 gold pieces
 60734 | Bazaar   | Bought a potion of might for 56 gold pieces
 60747 | Bazaar   | Bought a topaz-encrusted chain mail for 199 gold pieces
 60757 | Bazaar   | Identified the +10 chain mail of Qiets {rF++ rN++ Stlth+} (You bought it in a shop in a bazaar)
 60759 | Bazaar   | Bought a smoking chain mail for 199 gold pieces
 60769 | Bazaar   | Identified the +8 chain mail "Sanue" {rF++ MR+ Str-2} (You bought it in a shop in a bazaar)
 60990 | Depths:5 | Gained mutation: Scrolls take you a little longer to read. [a cacodemon]
 61097 | Depths:5 | Found a gate to the Realm of Zot.
 61108 | Depths:5 | Reached XP level 24. HP: 239/261 MP: 32/39
 61147 | Depths:5 | Received a gift from Okawaru
 61149 | Depths:5 | Got a steaming large shield {god gift}
 61258 | Depths:5 | Identified the +0 large shield of Amorality {rC++ MP+9 Int-4 Stlth+} (Okawaru gifted it to you on level 5 of the Depths)
 62359 | Crypt:1  | Entered Level 1 of the Crypt
 63584 | Crypt:2  | Received a gift from Okawaru
 63937 | Crypt:3  | Entered Level 3 of the Crypt
 64042 | Crypt:3  | Noticed Saint Roka
 64054 | Crypt:3  | Reached skill level 10 in Charms
 64113 | Crypt:3  | Killed Saint Roka
 64303 | Crypt:3  | Reached skill level 10 in Air Magic
 64334 | Crypt:3  | Found a basalt altar of Yredelemnul.
 64372 | Crypt:3  | Found a staircase to the Tomb.
 64424 | Crypt:3  | Noticed Bai Suzhen
 64451 | Crypt:3  | Killed Bai Suzhen
 64844 | Crypt:3  | Reached XP level 25. HP: 269/269 MP: 40/40
 64915 | Crypt:3  | Noticed an ancient lich
 64931 | Crypt:3  | Cast into level 5 of the Abyss (an ancient lich)
 64931 | Abyss:5  | Entered Level 5 of the Abyss
 64969 | Abyss:5  | Got an abyssal rune of Zot
 64974 | Abyss:5  | Received a gift from Okawaru
 64976 | Abyss:5  | Paralysed by accursed screaming for 2 turns
 64998 | Abyss:5  | Paralysed by accursed screaming for 1 turns
 65178 | Crypt:3  | Escaped the Abyss
 65195 | Crypt:3  | Killed an ancient lich
 65271 | Crypt:3  | Upgraded the game from 0.20-a0-785-g17250f0 to 0.20-a0-792-g09bcfd3
 65477 | D:11     | Bought a book of Summonings for 910 gold pieces
 65483 | D:11     | Learned a level 5 spell: Aura of Abjuration
 65738 | Hell     | Entered the Vestibule of Hell
 65738 | Hell     | Noticed Geryon
 65757 | Hell     | Reached skill level 1 in Summonings
 65812 | Hell     | Killed Geryon
 65839 | Hell     | Received a gift from Okawaru
 65840 | Hell     | Got a brightly glowing buckler {god gift}
 65851 | Hell     | Identified the +2 buckler of Parts Unknown {Dex+7} (Okawaru gifted it to you in the Vestibule of Hell)
 65956 | Hell     | Found a gateway to the decaying netherworld of Tartarus.
 66016 | Hell     | Reached skill level 5 in Summonings
 66069 | Hell     | Found a gateway to the freezing wastes of Cocytus.
 66158 | Hell     | Found a gateway to the Iron City of Dis.
 66197 | Hell     | Found a gateway to the ashen valley of Gehenna.
 66511 | Lair:2   | Learned a level 6 spell: Statue Form
 66853 | Tomb:1   | Entered Level 1 of the Tomb of the Ancients
 66863 | Tomb:1   | Reached skill level 1 in Transmutations
 67453 | Tomb:1   | Noticed a greater mummy
 68043 | Zot:1    | Entered Level 1 of the Realm of Zot
 68217 | Depths:5 | Received a gift from Okawaru
 68228 | Depths:5 | Reached skill level 5 in Transmutations
 68711 | Zot:1    | Reached skill level 10 in Summonings
 68830 | Zot:1    | Received a gift from Okawaru
 68830 | Zot:1    | Reached XP level 26. HP: 246/279 MP: 35/41
 70309 | Zot:3    | Reached skill level 10 in Transmutations
 70567 | Zot:3    | Reached skill level 15 in Spellcasting
 70805 | Zot:3    | Received a gift from Okawaru
 71661 | Zot:4    | Received a gift from Okawaru
 71846 | Zot:4    | Reached skill level 15 in Necromancy
 72392 | Zot:4    | Gained mutation: When low on magic, you restore magic in place of health. [demonic ancestry]
 72392 | Zot:4    | Reached XP level 27. HP: 104/287 MP: 25/42
 72816 | Zot:5    | Entered Level 5 of the Realm of Zot
 73103 | Zot:5    | Noticed Vajrapani's ghost (legendary BaFi)
 73106 | Zot:5    | Noticed an orb of fire
 73113 | Zot:5    | Noticed an orb of fire
 73133 | Zot:5    | Killed an orb of fire
 73154 | Zot:5    | Killed an orb of fire
 73190 | Zot:5    | Received a gift from Okawaru
 73210 | Zot:5    | Killed Vajrapani's ghost
 73548 | Zot:5    | Noticed an ancient lich
 73573 | Zot:5    | Reached skill level 15 in Transmutations
 73641 | Zot:5    | Noticed an orb of fire
 73655 | Zot:5    | Gained mutation: Your magical capacity is low. (-10% MP) [an orb of fire]
 73685 | Zot:5    | Killed an orb of fire
 73753 | Zot:5    | Received a gift from Okawaru
 73757 | Zot:5    | Noticed an orb of fire
 73775 | Zot:5    | Killed an orb of fire
 73775 | Zot:5    | Received a gift from Okawaru
 73875 | Zot:5    | Noticed an ancient lich
 73890 | Zot:5    | Killed an ancient lich
 73982 | Zot:5    | Noticed an orb of fire
 73990 | Zot:5    | Gained mutation: You are clumsy. (Dex -2) [an orb of fire]
 74018 | Zot:5    | Killed an orb of fire
 74092 | Zot:5    | Noticed an ancient lich
 74119 | Zot:5    | Killed an ancient lich
 74212 | Zot:5    | Identified the Incunabulum of Displaced Companions (You acquired it on level 5 of the Realm of Zot)
 74245 | Zot:5    | Got the Orb of Zot
 74416 | Zot:1    | Noticed Norezigi the pandemonium lord
 74428 | Zot:1    | Killed Norezigi the pandemonium lord
 74428 | Zot:1    | Received a gift from Okawaru
 74450 | Zot:1    | Got a twisted scimitar {god gift}
 74451 | Zot:1    | Identified the +4 scimitar of the Foot {slice, +Blink Dex+5} (Okawaru gifted it to you on level 1 of the Realm of Zot)
 74455 | Zot:1    | Noticed an ancient lich
 74461 | Zot:1    | Noticed Ricuss the pandemonium lord
 74482 | Zot:1    | Noticed Omuamn the pandemonium lord
 74483 | Zot:1    | HP: 9/287 [Ricuss the pandemonium lord/great icy blast (35)]
 74483 | Zot:1    | HP: 3/287 [storm dragon/bolt of lightning (6)]
 74484 | Zot:1    | Killed from afar by Ricuss the pandemonium lord

Vault maps used:
D:1:      ncdulo_wetmaze, minmay_tall_x
D:2:      first_bread
D:3:      uniq_terence
D:4:      kennysheep_slug_shrine, serial_shops, nicolae_shop_trees,
          uniq_menkaure, uniq_sigmund
D:5:      corexii_item_surrounded_by_moat, uniq_grinder, uniq_duvessa
D:6:      minmay_temple_entry_steel_oval, gup_sewer_entry_pipe,
          kennysheep_pointless_box, kennysheep_flooded_box, uniq_prince_ribbit1,
          uniq_blork_the_orc
D:7:      the_bakery, st_stairs_8, grunt_decor_cap
D:8:      serial_shops, shop, minivault_5, uniq_maurice
D:9:      minmay_overflow_temple_star_quad, david_orc_3
D:10:     minmay_diamond_stairs, lair_entry_dummy
D:11:     serial_shops, nicolae_shop_statue_plus, serial_curves, eino_curves_02,
          eino_curves_01, eino_curves_03
D:12:     basic_altar, serial_shops, nicolae_shop_waterfront, shop
D:13:     kennysheep_seaside_town, lightli_vaults_fourway_checkpoint,
          minivault_12
D:14:     nrook_mini_vaults, basic_altar
D:15:     gammafunk_enter_depths_forms, minivault_23
Temple:   compressed_dpeg_circular_temple
Lair:1:   lemuel_old_faithful
Lair:2:   minmay_lair_oklob_tunnel, serial_bayou_shore_a
Lair:3:   lemuel_ratsnest
Lair:4:   minmay_shoals_entry_hut, minmay_snake_entry_six_corridors,
          beast_lair_carwin_6
Lair:5:   minmay_slime_entry_oklob_open, minivault_19
Lair:6:   minmay_lair_end_enchanted_forest, basic_altar, ice2_lemuel
Shoals:1: cheibrodos_shoals_roost
Shoals:2: serial_shops, shop, uniq_kirke
Shoals:3: nicolae_shoals_dead_sea_scrolls, uniq_donald
Shoals:4: shoals_end_simple, shoal_ilsuiw, nicolae_shoals_this_corrosion
Snake:1:  serial_shops, nicolae_shop_crystal, hangedman_snake_corridor_split
Snake:2:  st_stairs_6, nicolae_snake_shapes, grunt_megastairs_2
Snake:4:  grunt_snake_rune_serpentine_throne, special_room, serial_shops,
          nicolae_shop_stone, st_stairs_1
Orc:1:    hangedman_minor_magic
Orc:2:    st_orc_ogre_mass, serial_shops, nicolae_shop_window_shopping, shop,
          shop_statue, shop, lab_entry_generic, basic_altar,
          nicolae_orc_stony_grotto
Elf:1:    eino_elf_arrival_shootout, minivault_28, st_stairs_11, minivault_25,
          nicolae_elf_big_sculpture_1, uniq_asterion
Elf:2:    serial_shops, nicolae_shop_overgrown_old_shop
Elf:3:    minmay_elf_hall_x, trove_entry_hex_spiral, serial_shops, shop_statue,
          shop, columned_hall_lemuel
Vaults:1: nicolae_vaults_ninety_degrees, grunt_vaults_focal,
          nicolae_vaults_theta, dpeg_vaults_monster_box,
          nicolae_vaults_little_squares_5, nicolae_vaults_mini_display_case,
          serial_shops, nicolae_shop_behind_doors, shop_fountains,
          nicolae_shop_window_shopping, shop_statue
Vaults:2: vaults_room_fours, v_rooms_2, nicolae_vaults_angled_halls,
          vaults_room_stairs_pillars, v_alt_pattern_6, vaults_room_fours,
          ontoclasm_vaults_eye, nicolae_vaults_little_squares_1, v_rooms_3,
          serial_ice_h, v_misc_8, nicolae_vaults_hallways_thing,
          nicolae_vaults_theta, ontoclasm_vaults_gateway, serial_shops,
          nicolae_shop_temple_entry_statues_fountains, uniq_jory
Vaults:3: minmay_crypt_entry_necro_gods, nicolae_vaults_network_quinsquares,
          ontoclasm_vaults_decontamination, hangedman_vaults_nails,
          vaults_room_fours, grunt_vaults_twisty, vaults_mumra_hexcomb,
          hangedman_vaults_restitches, st_octagons_1,
          nicolae_vaults_angled_halls
Vaults:4: nicolae_vaults_display_case, v_misc_26, nicolae_vaults_network_s,
          hangedman_vaults_corner_blocks, v_misc_14, vaults_room_semicircle,
          ontoclasm_vaults_ring_square, vaults_dpeg_encased_lava, v_misc_12,
          nicolae_vaults_yaktaur_gun_rack, ontoclasm_vaults_loading_screen,
          serial_shops, nicolae_shop_competitors_out_of_business, uniq_aizul
Crypt:2:  grunt_ministairs_15, nicolae_crypt_cryptocurrency,
          basic_stair_grate_trap, grunt_megastairs_4
Crypt:3:  cryptofortress_bobbens, uniq_bai_suzhen, uniq_saint_roka
Depths:1: grunt_mini_vestibule, minmay_misc_feat_nine_boxes, horrible_house_mu,
          minmay_shop_grove
Depths:2: minmay_shrinking_squares, hellmouth_1, mu_enter_wizlab_7,
          small_statue_intersection, hangedman_decor_opposing,
          minmay_misc_feat_encased
Depths:3: minmay_eyes, minmay_misc_feat_columns, grunt_pan_entry_zigzag,
          hangedman_coc_ice_floe, hangedman_research_metamorphosis,
          uniq_frederick, uniq_boris
Depths:4: grunt_house_of_mirrors, hangedman_abyss_or_decor_stagger, abyss_entry,
          hangedman_geh_valley
Depths:5: grunt_zot_entry_alcove, enter_ziggurat_c, hell_entry, serial_shops,
          bzr_entry_safe, shop_fountains, shop, bh_walls_and_bars,
          rand_demon_pan_entry_8
Zot:1:    lemuel_halls_of_wrath
Zot:3:    st_stairs_1, hangedman_zot_gyre
Zot:4:    st_small_dragon_hoard_3
Zot:5:    grunt_ministairs_11, st_stairs_4, lemuel_lake_of_fire
Abyss:3:  hangedman_grunt_abyss_rune_horror_hoard
Abyss:5:  minivault_11, nicolae_abyss_rune_star_stuff
Lab:      labyrinth_watery, lab_block, nicolae_lab_t_cross, labyrinth_glass_1,
          labyrinth_lava_lair, nicolae_lab_statue, nicolae_lab_starburst
Bazaar:   bazaar_jpeg_cross
Trove:    trove_jewellery_lava
Sewer:    sewer_the_crocodile
WizLab:   wizlab_doroklohe

Skill      XL: |  1  2  3  4  5  6  7  8  9 10 11 12 13 14 15 16 17 18 19 20 21 22 23 24 25 26 27 |
---------------+----------------------------------------------------------------------------------+-----
Long Blades    | 3 4 5 6 7 9 10 11 12 13 14 15 16 | 16.0
Dodging        | 3 4 5 6 7 8 9 10 11 12 13 14 15 | 15.0
Fighting       | 4 5 6 7 8 9 10 11 12 13 14 15 16 | 16.1
Armour         | 1 2 4 5 6 7 8 9 10 11 12 13 14 15 | 15.0
Shields        | 1 3 5 6 7 8 10 12 13 15 | 15.0
Stealth        | 2 4 5 7 9 |  9.3
Evocations     | 1 4 5 6 8 9 |  9.3
Invocations    | 1 4 7 9 |  9.0
Spellcasting   | 1 6 10 12 13 14 15 17 | 17.5
Charms         | 1 5 8 10 11 | 11.2
Necromancy     | 1 7 12 14 15 16 | 16.2
Air Magic      | 6 10 11 | 11.6
Summonings     | 10 | 10.0
Transmutations | 7 13 17 | 17.0

Action                   |  1- 3 |  4- 6 |  7- 9 | 10-12 | 13-15 | 16-18 | 19-21 | 22-24 | 25-27 || total
-------------------------+-------+-------+-------+-------+-------+-------+-------+-------+-------++-------
Melee: Falchion          |   129 |   223 |   304 |       |       |       |       |       |       ||   656
       Long sword        |       |       |   261 |       |       |       |       |       |       ||   261
       Scimitar          |       |       |    47 |   877 |  1674 |       |    17 |       |       ||  2615
       Double sword      |       |       |       |       |   141 |  1405 |  1904 |  2459 |  2352 ||  8261
       Demon blade       |       |       |       |       |       |   352 |       |       |       ||   352
       Kick              |       |       |       |       |       |   343 |   911 |  1262 |  1189 ||  3705
 Cast: Regeneration      |       |       |       |       |       |       |     5 |       |    43 ||    48
       Aura of Abjuratio |       |       |       |       |       |       |       |       |     5 ||     5
       Deflect Missiles  |       |       |       |       |       |       |       |       |     9 ||     9
Invok: Heroism           |       |       |       |       |    10 |    28 |    19 |    14 |     8 ||    79
       Finesse           |       |       |       |       |     4 |     9 |     3 |     7 |     4 ||    27
 Abil: Evoke Berserk Rag |       |       |       |       |     1 |       |     1 |       |       ||     2
Evoke: Wand              |       |       |       |       |     5 |     2 |       |     5 |       ||    12
       Lightning rod     |       |       |       |       |     4 |       |       |       |       ||     4
       Sack of spiders   |       |       |       |       |     3 |       |       |       |       ||     3
  Use: Scroll            |     1 |     4 |    10 |    20 |    11 |    19 |    18 |    30 |    10 ||   123
       Potion            |       |     7 |     8 |     3 |     2 |    10 |     3 |     3 |     3 ||    39
 Stab: Sleeping          |     6 |       |       |     9 |    15 |    23 |    21 |     9 |    10 ||    93
       Invisible         |       |       |     8 |       |       |    11 |       |       |       ||    19
       Distracted        |       |       |     1 |     2 |     1 |     6 |     6 |     4 |     4 ||    24
       Paralysed         |       |       |       |       |       |       |     2 |       |       ||     2
  Eat: Chunk             |     4 |    10 |    17 |    25 |    28 |    24 |    40 |    36 |    30 ||   214
       Fruit             |       |       |     3 |       |       |     1 |     1 |     1 |       ||     6
       Meat ration       |       |       |       |       |     1 |     1 |       |     1 |     2 ||     5
       Bread ration      |       |       |       |       |     1 |     2 |       |       |       ||     3
       Royal jelly       |       |       |       |       |       |     1 |       |     1 |     1 ||     3
Armor: Robe              |    16 |    15 |       |       |       |       |       |       |       ||    31
       Scale mail        |       |    70 |   178 |       |       |       |       |       |       ||   248
       Troll leather arm |       |       |    58 |   146 |   130 |       |       |       |       ||   334
       Skin              |       |       |       |    14 |       |       |       |       |       ||    14
       Ring mail         |       |       |       |       |   184 |   304 |   337 |    69 |       ||   894
       Ice dragon scales |       |       |       |       |       |       |       |   550 |  1013 ||  1563
Dodge: Dodged            |    83 |   151 |   382 |   583 |  1009 |  1053 |   875 |  1125 |  1382 ||  6643
       Deflected         |       |       |       |       |       |       |       |       |    79 ||    79
Block: Shield            |       |       |       |   207 |   957 |  1042 |  1067 |  2014 |  2190 ||  7477
       Reflection        |       |       |       |       |       |   106 |    71 |    69 |    20 ||   266
       Rpst.: Falchion   |    25 |    45 |    43 |       |       |       |       |       |       ||   113
       Long sword        |       |       |    58 |       |       |       |       |       |       ||    58
       Scimitar          |       |       |     7 |   187 |   207 |       |       |       |       ||   401
       Double sword      |       |       |       |       |    24 |   181 |   163 |   393 |   451 ||  1212
       Demon blade       |       |       |       |       |       |    50 |       |       |       ||    50
       Unarmed           |       |       |       |       |       |       |       |       |     1 ||     1
